 Dungeon Crawl Stone Soup version 0.28-a0-1002-gf00fe891ef (webtiles) character file.

Game seed: 9670037496441060466

589 ytrimaz the Insei (level 7, 0/46 HPs)
             Began as an Octopode Transmuter on Dec 6, 2021.
             Was an Initiate of Ashenzari.
             Succumbed to an adder's poison
             ... on level 5 of the Dungeon.
             The game lasted 00:06:59 (5262 turns).

ytrimaz the Insei (Octopode Transmuter)             Turns: 5262, Time: 00:07:00

Health: 0/46       AC:  1    Str: 16    XL:     7   Next: 38%
Magic:  12/12      EV: 14    Int: 17    God:    Ashenzari [......]
Gold:   199        SH:  0    Dex: 12    Spells: 8/12 levels left

rFire   . . .      SeeInvis .     - Unarmed
rCold   . . .      Faith    .   (no shield)
rNeg    . . .      Spirit   .   (helmet restricted)
rPois   .          Reflect  .   (no amulet)
rElec   .          Harm     .   d - ring of the Cursed Black Moon {Str+6, Cun, Alch} (curse)
rCorr   .          Rampage  .   (no ring)
Will    .....                   (no ring)
Stlth   ++........              (no ring)
HPRegen 0.15/turn               (no ring)
MPRegen 0.13/turn               (no ring)
                                (no ring)
                                (no ring)

@: lethally poisoned (0 -> -6)
A: almost no armour, amphibious, 8 rings, camouflage 1, gelatinous body 1,
(nimble swimmer 1), tentacles
a: Renounce Religion, Curse Item, Shatter the Chains


You were on level 5 of the Dungeon.
You worshipped Ashenzari.
Ashenzari was noncommittal.
You visited 1 branch of the dungeon, and saw 5 of its levels.

You collected 199 gold pieces.

Inventory:

Jewellery
 d - the cursed ring of the Cursed Black Moon (left tentacle) {Str+6, Cun, Alch}
   (You found it on level 2 of the Dungeon)

   [ring of strength]

   Str:       It affects your strength (+6).
   It has a curse which improves the following skills: Cunning: Dodging and
   Stealth.
   Alchemy:   Poison Magic and Transmutations.
Wands
 c - a wand of flame (9)
 h - a wand of polymorph (6)
Scrolls
 a - 2 scrolls of teleportation
 e - 3 scrolls of identify
 g - a scroll of enchant weapon
Potions
 b - 2 potions of attraction


   Skills:
 * Level 3.1 Fighting
 * Level 3.6(4.1) Dodging
 + Level 4.5 Unarmed Combat
 + Level 3.4 Spellcasting
 * Level 3.8(4.3) Transmutations
 * Level 2.6(3.1) Poison Magic


You had 8 spell levels left.
You knew the following spells:

 Your Spells              Type           Power      Damage    Failure   Level
a - Beastly Appendage     Tmut           34%        N/A       2%          1
b - Spider Form           Tmut/Pois      15%        N/A       11%         3

Your spell library contained the following spells:

 Spells                   Type           Power      Damage    Failure   Level
 Wereblood                Tmut           17%        N/A       4%          2
 Gell's Gravitas          Tloc           2%         N/A       45%         3
 Lesser Beckoning         Tloc           2%         N/A       45%         3
 Teleport Other           Tloc           2%         N/A       45%         3
 Ice Form                 Ice/Tmut       10%        N/A       56%         4


Dungeon Overview and Level Annotations

Branches:
Dungeon (5/15)
 Temple: D:4-7

Altars:
Ashenzari
Wu Jian

Shops:
D:1 *


Innate Abilities, Weirdness & Mutations

You cannot wear most types of armour.
You are amphibious.
You can wear up to eight rings at the same time.
Your skin changes colour to match your surroundings (Stealth+).
Your rubbery body absorbs attacks. (AC +1, EV +1)
((You are camouflaged near water. (Stealth+)))
You have tentacles for arms and can constrict up to eight enemies at once.


Message History

The jelly is lightly wounded.
The jelly closely misses you.
You hit the jelly.
The jelly is poisoned.
The acid corrodes you!
Your front legs burn!
The jelly is lightly wounded.
An orc comes into view. It is wielding a +0 flail.
An adder comes into view.
The jelly misses you.
Unknown command.
Your transformation has ended.
Found 16 gold pieces.
The orc shouts!
You hear a shout!
The adder hisses angrily.
The centaur wields a +2 shortbow of flaming.
It bursts into flame!
The centaur shoots an arrow.
The arrow hits you! The arrow burns you! The adder bites you.
* * * LOW HITPOINT WARNING * * *
You are poisoned.
The adder poisons you!
You don't have any unidentified items.
Unknown command.
You feel sick. The adder bites you.
* * * LOW HITPOINT WARNING * * *
You are lethally poisoned!
The adder poisons you!
Okay, then.
Okay, then.
Okay, then.
Found a potion of flight.
You are no longer corroded.
* * * LOW HITPOINT WARNING * * *
You feel very sick.
You see here 16 gold pieces.
A dart slug comes into view.
* * * LOW HITPOINT WARNING * * *
You feel sick.
Found a helmet.
* * * LOW HITPOINT WARNING * * *
You feel sick. The adder bites you but does no damage.
You die...

##########
###.o......#
#o.........#
#.###.###..#
#J#.....#..#
#s#.....#s†#
#........$.###
#######s#..[..#.....
#..@.S$.#.....#.....
#.###Z#####.#####.##
# ..... ..?.. ..8.
#..⌠.w#.! ..#.....
...⌠⌠⌠... ..8.8.8
..#..⌠..#.[ ).#.....
#..#.!...#.....#..8..
#. ###.### #.


You could see a scorpion, an adder, a dart slug and a centaur skeleton.

Vanquished Creatures
  A wyvern (D:5)
  An ogre (D:3)
  A necrophage (D:4)
  A phantom (D:4)
  An orc priest (D:3)
  Ijyb (D:3)
  A gnoll (D:3)
  3 adders
  An adder skeleton (D:4)
  A worm (D:2)
  3 dart slugs (D:2)
  9 orcs
  5 ball pythons
  6 bats
  6 endoplasms
  3 giant cockroaches
  9 goblins
  10 hobgoblins
  2 jackals (D:1)
  7 quokkas
  4 frilled lizards
  9 kobolds
  3 rats
88 creatures vanquished.

Vanquished Creatures (others)
  2 plants (D:1)
  4 withered plants (D:1)
6 creatures vanquished.

Grand Total: 94 creatures vanquished

Notes
Turn   | Place    | Note
-------+----------+-------------------------------------------
     0 | D:1      | ytrimaz the Octopode Transmuter began the quest for the
                  | Orb.
     0 | D:1      | Reached XP level 1. HP: 13/13 MP: 3/3
   181 | D:1      | Reached XP level 2. HP: 7/18 MP: 5/5
   526 | D:1      | Found Qang's Assorted Antiques.
   554 | D:1      | Found a faded altar of an unknown god.
   812 | D:1      | Prayed at the altar of an unknown god.
   812 | D:1      | Became a worshipper of Ashenzari the Shackled
  1293 | D:2      | Reached XP level 3. HP: 23/23 MP: 4/6
  1578 | D:2      | Learned a level 3 spell: Spider Form
  2049 | D:2      | Reached XP level 4. HP: 29/29 MP: 8/8
  2808 | D:3      | Reached XP level 5. HP: 17/34 MP: 6/9
  3078 | D:3      | Reached skill level 1 in Poison Magic
  3083 | D:3      | Noticed an ogre
  3085 | D:3      | Noticed Ijyb
  3863 | D:3      | Killed an ogre
  3864 | D:3      | Reached XP level 6. HP: 41/41 MP: 3/10
  3914 | D:3      | Identified the cursed ring of the Cursed Black Moon {Str+6,
                  | Cun, Alch} (You found it on level 2 of the Dungeon)
  3923 | D:3      | Killed Ijyb
  4163 | D:3      | Found an ornate altar of the Wu Jian Council.
  4293 | D:4      | Noticed a necrophage
  4304 | D:4      | Killed a necrophage
  4713 | D:4      | Reached skill level 4 in Unarmed Combat
  4921 | D:4      | Reached XP level 7. HP: 28/45 MP: 6/11
  5222 | D:5      | Entered Level 5 of the Dungeon
  5226 | D:5      | Noticed a wyvern
  5240 | D:5      | Killed a wyvern
  5261 | D:5      | HP: 2/46 [poisoned by an adder]
  5262 | D:5      | Succumbed to an adder's poison

Illustrated notes

Levels and vault maps discovered:
D:1:      dpeg_arrival_lava_temple_mockup, layout_basic, serial_shops, shop,
          shapermc_ecumenical_altar_flowoftime, serial_bayou_crossing
D:2:      layout_rooms
D:3:      layout_rooms, nzn_wu_jian_council_hall, minmay_surrounded, uniq_ijyb
D:4:      layout_basic
D:5:      layout_gridville, nicolae_elemental_shop, minmay_chambers_of_fives,
          uniq_crazy_yiuf_cottage

Skill      XL: |  1  2  3  4  5  6  7 |
---------------+----------------------+-----
Fighting       | 2 3 |  3.1
Spellcasting   | 3 |  3.4
Poison Magic   | 1 2 |  2.6
Transmutations | 3 |  3.8
Dodging        | 3 |  3.6
Unarmed Combat | 4 |  4.5

Action                   |  1- 3 |  4- 6 |  7- 9 || total
-------------------------+-------+-------+-------++-------
Melee: Unarmed           |   104 |   152 |    20 ||   276
       Tentacles         |    21 |     9 |       ||    30
       Constrict         |    30 |    14 |       ||    44
       Kick              |    11 |     8 |       ||    19
       Punch             |     4 |     4 |       ||     8
 Cast: Beastly Appendage |     9 |     9 |       ||    18
       Spider Form       |     1 |     9 |     1 ||    11
Invok: Curse Item        |       |     1 |       ||     1
  Use: Scroll            |     5 |     4 |       ||     9
       Potion            |       |     4 |       ||     4
 Stab: Sleeping          |     4 |     3 |       ||     7
Armor: Skin              |     7 |    13 |     2 ||    22
Dodge: Dodged            |    51 |   104 |    23 ||   178

Table legend: (Time is in decaauts)
 A = Elapsed time spent in this place.
 B = Non-inter-level travel time spent in this place.
 C = Inter-level travel time spent in this place.
 D = Time resting spent in this place.
 E = Time spent auto-exploring this place.
 F = Levels seen in this place.
 G = Mean time per level.
                   A        B        C        D        E       F      G
               +--------+--------+--------+--------+--------+-----+--------+
         Total |   5218 |   5099 |    119 |   1472 |   2712 |   5 | 1043.6 |
       Dungeon |   5218 |   5099 |    119 |   1472 |   2712 |   5 | 1043.6 |
               +--------+--------+--------+--------+--------+-----+--------+

Top non-repeatable levels by time:
     D:3: 1717 daAuts
     D:1: 1271 daAuts
     D:2: 1221 daAuts
     D:4: 968 daAuts
     D:5: 39 daAuts
